 Dungeon Crawl Stone Soup version 0.28.0-43-g3370ac3207 (webtiles) character file.

Game seed: 8765931348013371220

2809 crimpus the Cudgeller (level 9, 0/111 HPs)
             Began as a Demigod Fighter on Mar 5, 2022.
             Slain by a wyvern zombie (9 damage)
             ... on level 6 of the Dungeon.
             The game lasted 00:11:56 (12058 turns).

crimpus the Cudgeller (Demigod Fighter)            Turns: 12058, Time: 00:11:56

Health: 0/111      AC: 13    Str: 27 (29) XL:     9   Next: 21%
Magic:  11/11      EV:  7    Int:  7 (10) God:
Gold:   363        SH:  9    Dex: 13      Spells: 8/8 levels left

rFire   . . .      SeeInvis .   g - +1 whip (venom)
rCold   . . .      Faith    .   e - +0 kite shield
rNeg    . . .      Spirit   .   l - +0 chain mail
rPois   .          Reflect  .   c - +2 helmet
rElec   .          Harm     .   (no cloak)
rCorr   .          Rampage  .   (no gloves)
Will    .....                   (no boots)
Stlth   ..........              (no amulet)
HPRegen 0.28/turn               (no ring)
MPRegen 0.12/turn               (no ring)

@: berserking, very quick
A: high MP 1, forlorn, divine attributes
a: no special abilities


You were on level 6 of the Dungeon.
You visited 1 branch of the dungeon, and saw 6 of its levels.

You collected 363 gold pieces.

Inventory:

Hand Weapons
 g - a +1 whip of venom (weapon)
 n - a +0 whip of electrocution
 q - a +2 antimagic morningstar
Armour
 b - a +0 scale mail
 c - a +2 helmet (worn)
 e - a +0 kite shield (worn)
 l - a +0 chain mail (worn)
Wands
 d - a wand of digging (7)
 p - a wand of iceblast (2)
Scrolls
 a - a scroll of teleportation
 h - a scroll of blinking
 i - 3 scrolls of identify
 k - 3 scrolls of noise
Potions
 f - 2 potions of berserk rage
 j - a potion of degeneration
 m - a potion of resistance
 o - 3 potions of haste


   Skills:
 + Level 5.4 Fighting
 + Level 7.5 Maces & Flails
 + Level 6.9 Armour
 + Level 5.8 Shields


You had 8 spell levels left.
You didn't know any spells.
Your spell library contained the following spells:

 Spells                   Type           Power      Damage    Failure   Level
 Freeze                   Ice            0%         1d3       100%        1
 Call Canine Familiar     Summ           0%         N/A       100%        3
 Frozen Ramparts          Ice            0%         1d2       100%        3
 Portal Projectile        Hex/Tloc       0%         N/A       100%        3
 Hailstorm                Conj/Ice       0%         3d3       100%        4
 Leda's Liquefaction      Hex/Erth       0%         N/A       100%        4


Dungeon Overview and Level Annotations

Branches:
Dungeon (6/15)
 Temple: D:4-7

Shops:
D:4 (

Annotations:
D:6 3 runed translucent doors, Ekaitz's ghost, novice DsFE


Innate Abilities, Weirdness & Mutations

You have an increased reservoir of magic. (+10% MP)
You shall have no god before yourself.
Your divine heritage dramatically boosts your attributes as you level up.


Message History

The gnoll is heavily wounded.
You block the gnoll's attack. The gnoll barely misses you.
The gnoll hits you from afar with a +0 spear.
You closely miss the gnoll.
The gnoll is heavily wounded.
The gnoll hits you but does no damage. x2
You whack the gnoll!
You kill the gnoll!
The gnoll hits you but does no damage. The wyvern zombie bites you!
You hit the wyvern zombie.
The wyvern zombie is lightly damaged.
The gnoll hits you but does no damage.
The gnoll hits you from afar with a +0 spear.
The wyvern zombie bites you but does no damage.
You hit the wyvern zombie.
The wyvern zombie is moderately damaged.
You block the gnoll's attack. The gnoll hits you but does no damage.
The wyvern zombie bites you.
You are too injured to fight recklessly!
You are too injured to fight recklessly!
You are too injured to fight recklessly!
You are too injured to fight recklessly!
You hit the wyvern zombie but do no damage.
The wyvern zombie is moderately damaged.
The gnoll hits you but does no damage. The wyvern zombie bites you.
The gnoll hits you from afar with a +0 spear.
You hit the wyvern zombie.
The wyvern zombie is moderately damaged.
You block the wyvern zombie's attack. The gnoll closely misses you.
You block the gnoll's attack.
You hit the wyvern zombie.
The wyvern zombie is moderately damaged.
The wyvern zombie bites you!
* * * LOW HITPOINT WARNING * * *
The gnoll hits you from afar with a +0 halberd!
* * * LOW HITPOINT WARNING * * *
The gnoll hits you but does no damage.
A red film seems to cover your vision as you go berserk!
You feel yourself moving faster!
You feel mighty! The wyvern zombie bites you!
You die...

..≈≈≈≈≈≈≈≈≈≈≈..#...#...........#.
...≈≈≈≈≈≈≈≈≈...+...#....##'#####.
....≈≈≈≈≈≈≈....#...#....##.....#.
......≈≈≈......#...#######.....#.
...)#. ........#...##...##.....##
.z(.# #......#....#...#......#.
.z<.+ .#......#....#...'......#.
....# .'.....g#....#...#......'.
)...# #......Z@..##...##.....#.
....# #.....g######...#####'###
...... .........gg..#...##.....##
....................#....'.....##
................g...#....#.......
....................#....#.......
....................######.......
#########+###.. #....... ..
#.....##


You could see 2 gnolls and a wyvern zombie.

Vanquished Creatures
  A troll (D:6)
  Grinder (D:3)
  Sigmund (D:3)
  A yak (D:6)
  Eustachio (D:5)
  Menkaure (D:6)
  3 sky beasts (D:6)
  A black bear (D:4)
  A centaur (D:3)
  3 ogres
  Blork the orc (D:5)
  A kobold brigand (D:5)
  A water moccasin zombie (D:5)
  A howler monkey (D:5)
  3 wights
  3 electric eels (D:6)
  3 bullfrog zombies
  2 hounds
  A jelly (D:4)
  A bullfrog skeleton (D:6)
  A centaur skeleton (D:6)
  3 iguanas
  An orc wizard (D:5)
  A killer bee zombie (D:5)
  A hound zombie (D:4)
  Robin (D:2)
  16 gnolls
  A howler monkey skeleton (D:6)
  4 adders
  A white imp (D:6)
  2 worms (D:2)
  2 dart slugs
  7 orcs
  8 bats
  10 endoplasms
  4 giant cockroaches
  12 goblins
  7 hobgoblins
  2 jackals (D:3)
  5 quokkas
  10 ball pythons
  3 frilled lizards
  14 kobolds
  4 rats (D:1)
151 creatures vanquished.

Vanquished Creatures (others)
  A wight (D:6)
  24 plants (D:6)
25 creatures vanquished.

Grand Total: 176 creatures vanquished

Notes
Turn   | Place    | Note
-------+----------+-------------------------------------------
     0 | D:1      | crimpus the Demigod Fighter began the quest for the Orb.
     0 | D:1      | Reached XP level 1. HP: 18/18 MP: 3/3
   354 | D:1      | Reached skill level 2 in Maces & Flails
   355 | D:1      | Reached XP level 2. HP: 21/25 MP: 4/4
  1752 | D:2      | Identified the +3 helmet of Wajohaest {rElec Str+4 Dex+2}
  1752 | D:2      | Noticed Robin
  1754 | D:2      | Reached XP level 3. HP: 30/31 MP: 5/5
  1772 | D:2      | Killed Robin
  2183 | D:2      | Reached XP level 4. HP: 20/38 MP: 6/6
  2631 | D:2      | Reached skill level 3 in Maces & Flails
  2788 | D:3      | Noticed a centaur
  2804 | D:3      | Killed a centaur
  2805 | D:3      | Reached XP level 5. HP: 29/45 MP: 7/7
  3085 | D:3      | Noticed Grinder
  3124 | D:3      | Paralysed by Grinder for 2 turns
  3129 | D:3      | Killed Grinder
  3130 | D:3      | Reached skill level 4 in Maces & Flails
  3130 | D:3      | Reached XP level 6. HP: 17/51 MP: 8/8
  3526 | D:3      | Noticed Sigmund
  3747 | D:3      | Killed Sigmund
  4384 | D:4      | Reached skill level 5 in Maces & Flails
  4384 | D:4      | Reached XP level 7. HP: 33/58 MP: 9/9
  4768 | D:4      | Found Niafed's Weapon Boutique.
  5423 | D:5      | Entered Level 5 of the Dungeon
  5445 | D:5      | Noticed Blork the orc
  5463 | D:5      | Killed Blork the orc
  6135 | D:5      | Reached skill level 5 in Armour
  7003 | D:5      | Reached skill level 6 in Maces & Flails
  7003 | D:5      | Reached XP level 8. HP: 67/67 MP: 10/10
  7498 | D:6      | Noticed Eustachio
  8064 | D:5      | Killed Eustachio
  8370 | D:6      | Reached skill level 5 in Shields
 10279 | D:6      | Reached skill level 5 in Fighting
 10287 | D:6      | Reached skill level 7 in Maces & Flails
 10479 | D:6      | Noticed Menkaure
 10490 | D:6      | Killed Menkaure
 10934 | D:6      | Found a runed translucent gate.
 10934 | D:6      | Identified the +1 plate armour of the Trombone {rPois rC+
                  | Str+3 Dex+4}
 10934 | D:6      | Noticed Ekaitz's ghost (novice DsFE)
 10935 | D:6      | Found a runed translucent gate.
 10936 | D:6      | Found a runed translucent gate.
 11075 | D:6      | Reached XP level 9. HP: 74/74 MP: 11/11
 12058 | D:6      | Slain by a wyvern zombie

Illustrated notes

Levels and vault maps discovered:
D:1:      psy_arrival_heroes, layout_loops_ring,
          ebering_ecumenical_altar_abandoned, chequers_serial_rivers_marsh,
          st_stairs_7, grunt_decor_mini_mirrors
D:2:      layout_basic, uniq_robin
D:3:      layout_loops_ring, mainiacjoe_overflow_catwalk,
          mainiacjoe_overflow_chevrons, nicolae_overflow_hidden_temple,
          minmay_starry_boxes, uniq_sigmund, uniq_grinder
D:4:      layout_gridville, serial_shops, nicolae_shop_bloodbath_and_beyond
D:5:      layout_loops_ring, tso_oasis_becter, evilmike_ruin_ashenzari,
          nzn_wu_jian_contemplation, minivault_23, minmay_holes,
          minmay_misc_feat_ornament, uniq_blork_the_orc
D:6:      minmay_cornered_nines, layout_gridville, fedhas_ov_isle_minmay,
          biasface_ghost_orc_armoury, minivault_27, serial_bayou_lake_a,
          uniq_menkaure, uniq_eustachio

Skill      XL: |  1  2  3  4  5  6  7  8 |
---------------+-------------------------+-----
Maces & Flails | 2 3 4 5 6 7 |  7.5
Armour         | 3 4 5 6 |  6.9
Fighting       | 3 4 5 |  5.4
Shields        | 3 4 5 |  5.8

Action                   |  1- 3 |  4- 6 |  7- 9 || total
-------------------------+-------+-------+-------++-------
Melee: Flail             |   151 |       |       ||   151
       Mace              |       |   132 |   137 ||   269
       Whip              |       |       |   301 ||   301
  Use: Potion            |       |     5 |     6 ||    11
       Scroll            |       |     3 |     3 ||     6
 Stab: Invisible         |       |       |     2 ||     2
Armor: Scale mail        |    89 |    20 |       ||   109
       Chain mail        |       |    54 |   210 ||   264
Dodge: Dodged            |    54 |    38 |    95 ||   187
Block: Kite shield       |    82 |    67 |   189 ||   338
